 Dungeon Crawl Stone Soup version 0.20.0-8-g6b59dc7 (webtiles) character file.

370 Chiseanne the Skirmisher (level 6, -10/52 HPs)
             Began as a Demonspawn Wanderer on May 30, 2017.
             Mangled by an orc priest
             ... wielding a +0 short sword of electrocution
              (15 damage)
             ... on level 2 of the Dungeon.
             The game lasted 00:09:35 (4863 turns).

Chiseanne the Skirmisher (Demonspawn Wanderer)      Turns: 4863, Time: 00:09:36

Health: -10/52     AC:  6    Str: 14    XL:     6   Next: 42%
Magic:  6/6        EV: 11    Int: 12    God:
Gold:   144        SH:  0    Dex: 14    Spells: 5/5 levels left

rFire    . . .     SeeInvis .   a - +2 falchion
rCold    . . .     Gourm    .   (no shield)
rNeg     . . .     Faith    .   s - +0 ring mail
rPois    .         Spirit   .   n - +0 helmet (curse)
rElec    .         Reflect  .   (no cloak)
rCorr    .         Harm     .   (no gloves)
MR       .....                  (no boots)
Stlth    +++.......             (no amulet)
Regen    0.2/turn               (no ring)
MPRegen  0.1/turn               (no ring)

@: no status effects
A: hooves 1, nightstalker 2
a: no special abilities


You were on level 2 of the Dungeon.
You were not hungry.

You visited 1 branch of the dungeon, and saw 3 of its levels.

You collected 144 gold pieces.

Inventory:

Hand Weapons
 a - a +2 falchion (weapon)
 l - a cursed -2 whip
Missiles
 h - 22 arrows
 j - 17 poisoned needles
 m - 43 bolts
 q - 171 stones (quivered)
 v - 46 sling bullets
Armour
 n - a cursed +0 helmet (worn)
 s - a +0 ring mail (worn)
Jewellery
 i - a +3 ring of evasion {unknown}
Scrolls
 e - a scroll of remove curse
 t - a scroll of fog
Potions
 b - a potion of curing
 d - a potion of degeneration {unknown}
 o - a potion of magic
 r - 2 potions of cancellation {unknown}
 u - a potion of ambrosia {unknown}
Comestibles
 c - a chunk of flesh
 f - 3 bread rations
 g - 2 fruits
 p - a royal jelly


   Skills:
 * Level 6.1 Fighting
 - Level 1.7 Long Blades
 * Level 2.9 Armour
 * Level 2.4 Dodging
 * Level 2.8 Stealth
   Level 1.0 Shields
 - Level 1.0 Unarmed Combat
   Level 1.0 Evocations


You had 5 spell levels left.
You didn't know any spells.

Dungeon Overview and Level Annotations

Branches:
Dungeon (3/15)

Altars:
Elyvilon


Innate Abilities, Weirdness & Mutations

You have large cloven feet.
You are significantly more attuned to the shadows.


Message History

There is a stone staircase leading down, spattered with blood here.
You hit the orc priest but do no damage.
The orc priest hits you with a short sword of electrocution.
You hit the orc priest.
The orc priest is lightly wounded.
The orc priest invokes the aid of Beogh against you.
Beogh smites you!
You hit the orc priest but do no damage.
You kick the orc priest, but do no damage.
The orc priest is lightly wounded.
The orc priest closely misses you.
The orc priest hits you but does no damage.
You are electrocuted!
* * * LOW HITPOINT WARNING * * *
You hit the orc priest but do no damage.
The orc priest is lightly wounded.
The orc priest hits you with a short sword of electrocution.
* * * LOW HITPOINT WARNING * * *
You are electrocuted!
You die...

#########.# #....
#.........# ###.#
#.........# #.#
#...).....# #.#
#.........# #.#
#..[......# #.#
#.........# #..
#.......).##########
###@o...............
#)#...############
#.#...####
#.##.....#########
#.................
####........######
#........#
#........#
#.....####


You could see an orc priest.

Vanquished Creatures
  The ghost of Kosschaser the Cudgeler, an amateur GrSk (D:3)
  An orc wizard (D:3)
  Jessica (D:2)
  A worker ant (D:3)
  Robin (D:2)
  3 gnolls
  8 adders
  An ooze (D:2)
  2 dart slugs (D:1)
  3 leopard geckos
  6 orcs (D:3)
  10 bats
  A giant cockroach (D:1)
  11 goblins
  10 hobgoblins
  3 jackals (D:2)
  3 quokkas (D:3)
  8 frilled lizards
  5 kobolds
  32 rats
111 creatures vanquished.

Vanquished Creatures (others)
  3 plants (D:3)
3 creatures vanquished.

Grand Total: 114 creatures vanquished

Notes
Turn   | Place    | Note
-------+----------+-------------------------------------------
     0 | D:1      | Chiseanne the Demonspawn Wanderer began the quest for the Orb.
     0 | D:1      | Chiseanne set off with: a +2 falchion, a potion of curing, a scroll of teleportation, a +0 robe, a bread ration
     0 | D:1      | Reached XP level 1. HP: 21/21 MP: 1/1
   357 | D:1      | Gained mutation: You are slightly more attuned to the shadows. [demonic ancestry]
   357 | D:1      | Reached XP level 2. HP: 24/27 MP: 2/2
   703 | D:1      | Reached skill level 1 in Armour
   909 | D:1      | Gained mutation: You have large cloven feet. [demonic ancestry]
   909 | D:1      | Reached XP level 3. HP: 31/33 MP: 3/3
   988 | D:2      | Noticed Jessica
  1000 | D:1      | Reached skill level 1 in Dodging
  1326 | D:2      | Killed Jessica
  1326 | D:2      | Reached skill level 1 in Stealth
  1328 | D:2      | Reached XP level 4. HP: 22/39 MP: 4/4
  1871 | D:2      | Noticed Robin
  1891 | D:2      | Killed Robin
  2157 | D:2      | Gained mutation: You are significantly more attuned to the shadows. [demonic ancestry]
  2157 | D:2      | Reached XP level 5. HP: 19/46 MP: 5/5
  2855 | D:3      | Noticed Kosschaser's ghost (amateur GrSk)
  3406 | D:3      | Killed Kosschaser's ghost
  3406 | D:3      | Reached skill level 6 in Fighting
  3406 | D:3      | Reached XP level 6. HP: 23/52 MP: 6/6
  3722 | D:3      | Noticed an orc warrior
  4149 | D:3      | Found a white marble altar of Elyvilon.
  4863 | D:2      | Mangled by an orc priest

Skill      XL: |  1  2  3  4  5 |
---------------+----------------+-----
Armour         | 1 2 |  2.9
Dodging        | 1 2 |  2.4
Stealth        | 1 2 |  2.8
Fighting       | 6 |  6.1
Long Blades    | |  1.7
Shields        | |  1.0
Unarmed Combat | |  1.0
Evocations     | |  1.0

Action                   |  1- 3 |  4- 6 || total
-------------------------+-------+-------++-------
Melee: Falchion          |    87 |   247 ||   334
       Kick              |     8 |    64 ||    72
       Punch             |       |     3 ||     3
Throw: Stone             |     2 |     4 ||     6
  Use: Scroll            |       |     9 ||     9
       Potion            |       |     3 ||     3
 Stab: Sleeping          |     2 |     7 ||     9
       Distracted        |       |     1 ||     1
  Eat: Chunk             |       |    13 ||    13
Armor: Robe              |    29 |    41 ||    70
       Skin              |       |    12 ||    12
       Ring mail         |       |    46 ||    46
Dodge: Dodged            |    61 |   196 ||   257
       Rpst.: Falchion   |    16 |    73 ||    89
